 Dungeon Sprint DCSS version 0.24-a0-361-g57161393b2 (webtiles) character file.

Game seed: 221253640705868195

6845 Azzok the Brawler (level 11, -6/82 HPs)
             Began as a Ghoul Fighter on May 26, 2019.
             Was the Champion of Cheibriados.
             Mangled by an orc warrior
             ... wielding a +2 short sword of electrocution
              (16 damage)
             ... in the Dungeon (Sprint IX: "|||||||||||||||||||||||||||||").
             The game lasted 00:03:34 (736 turns).

Azzok the Brawler (Ghoul Fighter)                    Turns: 736, Time: 00:03:35

Health: -6/82      AC: 14    Str: 39    XL:     11   Next: 6%
Magic:  17/22      EV:  9    Int: 18    God:    Cheibriados [******]
Gold:   0          SH: 12    Dex: 23    Spells: 10/10 levels left

rFire    . . .     SeeInvis .     - Unarmed
rCold    + . .     Gourm    .   b - +0 shield
rNeg     + + +     Faith    .   s - +1 scale mail
rPois    ∞         Spirit   .   q - +0 helmet
rElec    .         Reflect  .   r - +0 cloak
rCorr    .         Harm     .   A - +0 pair of gloves
MR       .....     NoTele   +   B - +0 pair of boots
Stlth    +.........             (no amulet)
HPRegen  0.00/turn              a - +2 ring of protection
MPRegen  0.18/turn              t - +2 ring of evasion

@: rotting, very slow
A: rotting body, claws 1, carnivore, cold resistance 1, negative energy
resistance 3, inhibited regeneration, torment resistance, unbreathing
a: Bend Time, Temporal Distortion, Slouch, Step From Time, Renounce Religion


You were in the Dungeon.
You worshipped Cheibriados.
Cheibriados was exalted by your worship.
You were not hungry.

You visited 1 branch

Inventory:

Hand Weapons
 p - a +2 scimitar of flaming
Armour
 b - a +0 shield (worn)
 q - a +0 helmet (worn)
 r - a +0 cloak (worn)
 s - a +1 scale mail (worn)
 A - a +0 pair of gloves (worn)
 B - a +0 pair of boots (worn)
Jewellery
 a - a +2 ring of protection (left hand)
 t - a +2 ring of evasion (right hand)
Wands
 o - a wand of acid (10)
 y - a wand of iceblast (9)
Scrolls
 j - 3 scrolls of blinking
 m - 5 scrolls of remove curse
 n - 2 scrolls of amnesia
 w - 2 scrolls of identify
 x - 2 scrolls of enchant weapon
Potions
 c - a potion of flight
 e - 5 potions of curing
 f - 3 potions of heal wounds
 g - 2 potions of haste
 h - 4 potions of magic
 i - 2 potions of berserk rage
 k - 2 potions of brilliance
 l - a potion of invisibility
 u - a potion of resistance
 v - a potion of mutation {!q}
Comestibles
 d - 11 rations


   Skills:
 - Level 3.2 Fighting
 - Level 2.6 Armour
 - Level 2.6 Shields
 + Level 19.5 Unarmed Combat
 + Level 17.7 Invocations
 + Level 2.0 Evocations


You had 10 spell levels left.
You didn't know any spells.
Your spell library was empty.

Dungeon Overview and Level Annotations

Branches:
Dungeon (1/1)

Altars:
Cheibriados
Dithmenos
Elyvilon
Fedhas
Gozag
Hepliaklqana
Kikubaaqudgha
Makhleb
Nemelex Xobeh
Okawaru
Qazlal
Ru
Sif Muna
Trog
Uskayaw
Vehumet
Wu Jian
Xom
Yredelemnul
Zin
The Shining One
Beogh
Jiyva
Lugonu


Innate Abilities, Weirdness & Mutations

Your body is rotting away.
You thrive on raw meat.
You are immune to poison.
You have sharp fingernails.
You are carnivorous and can eat meat at any time.
Your flesh is cold resistant. (rC+)
You are immune to negative energy. (rN+++)
You do not regenerate when monsters are visible.
You are immune to unholy pain and torment.
You can survive without breathing.


Message History

* * * LOW HITPOINT WARNING * * *
You can feel time thicken for a moment.
Cheibriados thoroughly appreciates the change of pace.
Reactivating autopickup.
You feel a bit more experienced.
You kill the orc priest!
Cheibriados thoroughly appreciates the change of pace.
You kill the orc!
Cheibriados thoroughly appreciates the change of pace.
You kill the orc!
Cheibriados thoroughly appreciates the change of pace.
You kill the orc priest!
Cheibriados thoroughly appreciates the change of pace.
You kill the orc priest!
Cheibriados appreciates the change of pace.
Your Evocations skill increases to level 2!
You feel somewhat more hungry.
The orc warrior hits you but does no damage.
You are electrocuted!
You die...

▓<··()((···'·····'______________
▓▓▓▓▓▓▓▓▓▓▓▓▓▓▓▓▓▓▓▓▓▓▓▓▓▓▓▓▓▓▓▓
▓·······························
▓·▓▓▓▓▓▓▓▓▓▓▓▓▓▓▓▓▓▓▓▓▓▓▓▓▓▓▓▓▓▓
▓·······'·····[)?·····÷·········
▓▓▓▓▓▓▓▓▓▓▓▓▓▓▓▓▓▓▓▓▓▓▓▓▓▓▓▓▓▓▓▓
▓·······························
▓·▓▓▓▓▓▓▓▓▓▓▓▓▓▓▓▓▓▓▓▓▓▓▓▓▓▓▓▓▓▓
▓·············'@o))))))
▓▓▓▓▓▓▓▓▓▓▓▓▓▓▓▓▓▓▓▓▓▓▓


You could see an orc warrior.

Vanquished Creatures
  A deep elf mage (D)
  A black mamba (D)
  A gargoyle (D)
  6 spiny frogs (D)
  A kobold demonologist (D)
  3 komodo dragons (D)
  4 tyrant leeches (D)
  A hornet (D)
  A blink frog (D)
  A hippogriff (D)
  2 yaks (D)
  A vampire mosquito (D)
  2 porcupines (D)
  3 orc warriors (D)
  An eye of draining (D)
  A phantom (D)
  2 crocodiles (D)
  3 bullfrogs (D)
  A scorpion (D)
  A crimson imp (D)
  4 orc priests (D)
  2 hounds (D)
  An orc wizard (D)
  A worker ant (D)
  An ooze (D)
  2 orcs (D)
  A bat skeleton (D)
  A bat zombie (D)
  A giant cockroach (D)
  A hobgoblin (D)
  2 kobolds (D)
  A quokka (D)
  A leopard gecko skeleton (D)
  A rat (D)
57 creatures vanquished.

Notes
Turn   | Place    | Note
-------+----------+-------------------------------------------
     0 | D        | Azzok the Ghoul Fighter began the quest for the Orb.
     0 | D        | Reached XP level 1. HP: 19/19 MP: 0/0
    13 | D        | Reached skill level 3 in Unarmed Combat
    21 | D        | Reached skill level 4 in Unarmed Combat
    21 | D        | Reached XP level 2. HP: 26/26 MP: 1/1
    24 | D        | Reached skill level 5 in Unarmed Combat
    43 | D        | Noticed a scorpion
    43 | D        | Noticed a crimson imp
    64 | D        | Killed a scorpion
    64 | D        | Reached skill level 8 in Unarmed Combat
    64 | D        | Reached XP level 3. HP: 24/31 MP: 2/2
    64 | D        | Reached XP level 4. HP: 30/38 MP: 3/3
    92 | D        | Reached skill level 9 in Unarmed Combat
   100 | D        | Found a roughly hewn altar of Beogh.
   100 | D        | Found a snail-covered altar of Cheibriados.
   100 | D        | Found a shadowy altar of Dithmenos.
   100 | D        | Found a white marble altar of Elyvilon.
   100 | D        | Found a blossoming altar of Fedhas.
   100 | D        | Found an opulent altar of Gozag.
   101 | D        | Found a hazy altar of Hepliaklqana.
   102 | D        | Found a viscous altar of Jiyva.
   103 | D        | Found an ancient bone altar of Kikubaaqudgha.
   104 | D        | Became a worshipper of Cheibriados the Contemplative
   105 | D        | Found a corrupted altar of Lugonu.
   106 | D        | Found a burning altar of Makhleb.
   107 | D        | Found a sparkling altar of Nemelex Xobeh.
   108 | D        | Found an iron altar of Okawaru.
   109 | D        | Found a stormy altar of Qazlal.
   110 | D        | Found a sacrificial altar of Ru.
   111 | D        | Found a deep blue altar of Sif Muna.
   112 | D        | Found a bloodstained altar of Trog.
   113 | D        | Found a hide-covered altar of Uskayaw.
   114 | D        | Found a radiant altar of Vehumet.
   115 | D        | Found an ornate altar of the Wu Jian Council.
   116 | D        | Found a shimmering altar of Xom.
   117 | D        | Found a basalt altar of Yredelemnul.
   118 | D        | Found a glowing silver altar of Zin.
   119 | D        | Found a glowing golden altar of the Shining One.
   174 | D        | Noticed a hornet
   184 | D        | Reached skill level 10 in Unarmed Combat
   184 | D        | Reached XP level 5. HP: 45/45 MP: 3/6
   188 | D        | Reached * piety under Cheibriados
   192 | D        | Reached ** piety under Cheibriados
   192 | D        | Reached skill level 11 in Unarmed Combat
   192 | D        | Reached skill level 5 in Invocations
   196 | D        | Killed a hornet
   196 | D        | Reached skill level 12 in Unarmed Combat
   196 | D        | Reached XP level 6. HP: 49/51 MP: 4/11
   206 | D        | Noticed a kobold demonologist
   206 | D        | Noticed a deep elf mage
   206 | D        | Noticed a gargoyle
   206 | D        | Noticed an eye of draining
   206 | D        | Noticed a phantom
   215 | D        | Noticed a chaos spawn
   215 | D        | Killed a kobold demonologist
   215 | D        | Reached *** piety under Cheibriados
   215 | D        | Reached skill level 13 in Unarmed Combat
   215 | D        | Reached skill level 10 in Invocations
   215 | D        | Reached XP level 7. HP: 57/57 MP: 0/13
   220 | D        | Killed a gargoyle
   220 | D        | Reached **** piety under Cheibriados
   220 | D        | Reached skill level 14 in Unarmed Combat
   220 | D        | Reached XP level 8. HP: 59/63 MP: 1/15
   232 | D        | Killed a deep elf mage
   232 | D        | Reached skill level 15 in Unarmed Combat
   423 | D        | Noticed a yak
   423 | D        | Noticed a spiny frog
   423 | D        | Noticed a spiny frog
   423 | D        | Noticed a spiny frog
   429 | D        | Killed a yak
   429 | D        | Reached ***** piety under Cheibriados
   429 | D        | Reached XP level 9. HP: 65/70 MP: 17/17
   436 | D        | Killed a spiny frog
   436 | D        | Reached skill level 16 in Unarmed Combat
   443 | D        | Killed a spiny frog
   447 | D        | Killed a spiny frog
   449 | D        | Reached skill level 17 in Unarmed Combat
   460 | D        | Reached ****** piety under Cheibriados
   467 | D        | Reached skill level 15 in Invocations
   492 | D        | Noticed a spiny frog
   492 | D        | Noticed a black mamba
   492 | D        | Noticed a komodo dragon
   492 | D        | Noticed a spiny frog
   497 | D        | Killed a spiny frog
   497 | D        | Reached XP level 10. HP: 58/77 MP: 20/20
   505 | D        | Killed a black mamba
   508 | D        | Reached skill level 18 in Unarmed Combat
   513 | D        | Killed a spiny frog
   545 | D        | Noticed a spiny frog
   551 | D        | Killed a spiny frog
   557 | D        | Reached skill level 19 in Unarmed Combat
   724 | D        | Reached XP level 11. HP: 59/82 MP: 22/22
   728 | D        | Reached skill level 1 in Evocations
   736 | D        | Mangled by an orc warrior

Levels and vault maps discovered:
D:        linesprint [early_d, line_temple, items_1, d_10, items_2, lair_1,
          lair_end, items_3, orc_1, orc_end, items_4, d_15, swamp_1, shoals_1,
          snake_1, spider_1, d_20, vaults_1, items_5, swamp_end, shoals_end,
          snake_end, spider_end, vaults_end, d_27, items_6, zot_1, zot_end,
          crypt_end, forest_end, elf_end, slime_end, tomb_end, abyss_end,
          pan_hell_end]

Skill      XL: |  1  2  3  4  5  6  7  8  9 10 11 |
---------------+----------------------------------+-----
Unarmed Combat | 4 8 10 12 13 14 15 17 19 | 19.5
Invocations    | 2 8 10 11 13 15 17 | 17.7
Evocations     | 2 |  2.0
Fighting       | |  3.2
Armour         | |  2.6
Shields        | |  2.6

Action                   |  1- 3 |  4- 6 |  7- 9 | 10-12 || total
-------------------------+-------+-------+-------+-------++-------
Melee: Unarmed           |    40 |    41 |    63 |    73 ||   217
Invok: Slouch            |       |       |       |     1 ||     1
  Use: Potion            |       |       |       |     1 ||     1
  Eat: Chunk             |       |     2 |     8 |    13 ||    23
Armor: Scale mail        |    17 |    10 |     7 |    13 ||    47
Dodge: Dodged            |    10 |     6 |     8 |    10 ||    34
Block: Shield            |    12 |    10 |    20 |    24 ||    66

Table legend:
 A = Non-vault XP
 B = Vault XP
 C = Vault XP percentage of total XP
 D = Non-vault monster count
 E = Vault monster count
 F = Vault count percentage of total count
                 A         B        C        D         E       F
            +---------+---------+-------+---------+---------+-------
      Total |       0 |    9779 | 100.0 |       0 |      57 | 100.0
            +---------+---------+-------+---------+---------+-------
          D |       0 |    9779 | 100.0 |       0 |      57 | 100.0
            +---------+---------+-------+---------+---------+-------
